 Dungeon Crawl Stone Soup version 0.30-a0-439-g9e77e4d916 (webtiles) character file.

Game seed: 14822644002138613196

123 voltaire321 the Slasher (level 5, -11/41 HPs)
             Began as a Merfolk Gladiator on Dec 11, 2022.
             Mangled by Crazy Yiuf
             ... wielding a +4 quarterstaff of chaos
              (15 damage)
             ... on level 3 of the Dungeon.
             The game lasted 00:05:56 (2081 turns).

voltaire321 the Slasher (Merfolk Gladiator)         Turns: 2081, Time: 00:05:57

Health: -11/41     AC:  8    Str: 14    XL:     5   Next: 7%
Magic:  4/5        EV: 14    Int:  8    God:
Gold:   172        SH:  0    Dex: 17    Spells: 3/4 levels left

rFire   . . .      SeeInvis .    a - +0 long sword
rCold   + . .      Faith    .    (no shield)
rNeg    . . .      Spirit   .    b - +0 leather armour
rPois   .          Reflect  .    c - +0 helmet
rElec   .          Harm     .    q - +0 cloak
rCorr   .          Rampage  .    v - +2 pair of gloves
Will    .....                    (no boots)
Stlth   +.........               (no amulet)
HPRegen 0.26/turn                f - ring of protection from cold
MPRegen 0.09/turn                r - ring of wizardry

@: no status effects
A: (nimble swimmer 2), mertail
a: no special abilities


You were on level 3 of the Dungeon.
You visited 1 branch of the dungeon, and saw 3 of its levels.

You collected 172 gold pieces.

Inventory:

Hand Weapons
 a - a +0 long sword (weapon)
Missiles
 d - 3 throwing nets (quivered)
 e - a javelin
Armour
 b - a +0 leather armour (worn)
 c - a +0 helmet (worn)
 q - a +0 cloak (worn)
 v - a +2 pair of gloves (worn)
Jewellery
 f - a ring of protection from cold (left hand)
 h - a +6 ring of intelligence
 j - a ring of magical power
 n - a ring of protection from fire
 r - a ring of wizardry (right hand)
 t - a ring of see invisible
Scrolls
 g - 2 scrolls of identify {unknown}
 k - a scroll of amnesia {unknown}
 l - 3 scrolls of blinking {unknown}
 m - a scroll of poison {unknown}
 s - a scroll of torment {unknown}
Potions
 i - a potion of mutation {unknown}
 o - a potion of lignification {unknown}
 p - a potion of might {unknown}
 u - a potion of resistance {unknown}
 w - a potion of degeneration {unknown}
 x - a potion of attraction {unknown}
 z - a potion of invisibility {unknown}
 A - a potion of haste {unknown}


   Skills:
 + Level 3.0 Fighting
 + Level 4.8 Long Blades
 + Level 2.9 Throwing
 + Level 4.7 Dodging
 + Level 0.3 Spellcasting
 + Level 0.8 Transmutations
 + Level 0.5 Poison Magic


You had 3 spell levels left.
You knew the following spells:

 Your Spells              Type           Power      Damage    Failure   Level
a - Sting                 Tmut/Pois      4%         1d3       16%         1

Your spell library contained the following spells:

 Spells                   Type           Power      Damage    Failure   Level
 Apportation              Tloc           0%         N/A       22%         1
 Necrotise                Necr           0%         1d4       22%         1
 Summon Small Mammal      Summ           0%         N/A       22%         1
 Poisonous Vapours        Pois/Air       0%         N/A       28%         2
 Static Discharge         Conj/Air       0%         2-2/arc   32%         2
 Vhi's Electric Charge    Tloc/Air       0%         N/A       52%         3
 Olgreb's Toxic Radiance  Pois           0%         N/A       83%         4
 Arcjolt                  Conj/Air       0%         1d10      99%         5
 Lightning Bolt           Conj/Air       0%         1d11      99%         5


Dungeon Overview and Level Annotations

Branches:
Dungeon (3/15)

Altars:

Annotations:
D:3 Crazy Yiuf


Innate Abilities, Weirdness & Mutations

((You are very nimble when in or above water. (Stealth+, EV+, Speed+++)))
Your lower body shifts to a powerful aquatic tail in water.


Message History

You completely miss the fungus. You hit the fungus.
The fungus begins to die.
The fungus is lightly damaged.
You hit the fungus but do no damage.
The fungus is lightly damaged.
You slash the fungus!
The fungus is lightly damaged.
You slash the fungus!
The fungus is lightly damaged.
You hit the fungus.
The fungus is lightly damaged.
A nearby fungus withers and dies.
You hit the fungus.
The fungus begins to die.
The fungus is lightly damaged.
You slash the fungus!
The fungus is lightly damaged.
You slash the fungus!
The fungus is lightly damaged.
You slash the fungus!
The fungus is lightly damaged.
A nearby fungus withers and dies.
Found a hammer.
Found a runed translucent door.
Crazy Yiuf shouts!
You open the door.
Casting: Sting (safe; 16% risk of failure)
Confirm with . or Enter, or press ? or * to list all spells.
Aiming: Sting (safe; 16% risk of failure)
Press: ? - help, Shift-Dir - straight line, f - Crazy Yiuf
Aim: Crazy Yiuf, wielding a +4 quarterstaff of chaos and wearing a +0 cloak (69% to hit)
The sting hits Crazy Yiuf.
Crazy Yiuf is poisoned.
Crazy Yiuf is lightly wounded.
Crazy Yiuf hits you with a +4 quarterstaff of chaos!
You are electrocuted!!
* * * LOW HITPOINT WARNING * * *
You hit Crazy Yiuf.
Crazy Yiuf is moderately wounded.
Crazy Yiuf hits you with a +4 quarterstaff of chaos.
* * * LOW HITPOINT WARNING * * *
You are electrocuted!
You die...

## .# .# .#
.#########
#######
.........# ###
###.#.#.###
.........#
#...##..#..P...##
.........#
#...g@####P.....#
.........#
#)..### ##P.#..#
.....†...# ###
#####.#
.........# #..#
.........# #.##
.........## #.#
..........# #.#
####.#.#### #.#
##.#..####### #.#


You could see Crazy Yiuf (poisoned).

Vanquished Creatures
  A gnoll (D:1)
  4 adders (D:3)
  A worm (D:2)
  2 dart slugs
  An orc (D:3)
  3 ball pythons
  6 endoplasms
  3 giant cockroaches
  9 hobgoblins
  2 jackals (D:1)
  6 kobolds
  7 quokkas
  8 bats
  2 frilled lizards
  2 goblins
  10 rats
67 creatures vanquished.

Vanquished Creatures (others)
  2 fungi (D:3)
2 creatures vanquished.

Grand Total: 69 creatures vanquished

Notes
Turn   | Place    | Note
-------+----------+-------------------------------------------
     0 | D:1      | voltaire321 the Merfolk Gladiator began the quest for the
                  | Orb.
     0 | D:1      | Reached XP level 1. HP: 16/16 MP: 1/1
   113 | D:1      | Reached XP level 2. HP: 17/23 MP: 2/2
   275 | D:1      | Reached XP level 3. HP: 28/28 MP: 3/3
  1072 | D:2      | You fall into a shaft and drop 1 floor!
  1130 | D:3      | Reached XP level 4. HP: 29/34 MP: 4/4
  1269 | D:3      | Learned a level 1 spell: Sting
  1616 | D:2      | Reached XP level 5. HP: 41/41 MP: 5/5
  2069 | D:3      | Found a runed translucent door.
  2070 | D:3      | Noticed Crazy Yiuf
  2081 | D:3      | Mangled by Crazy Yiuf

Illustrated notes

Levels and vault maps discovered:
D:1:      doesnt_arrival_eight_statues, layout_basic, minmay_tetromino_l4
D:2:      layout_rooms
D:3:      layout_rooms, chequers_mini_garden, uniq_crazy_yiuf_cottage

Skill      XL: |  1  2  3  4 |
---------------+-------------+-----
Long Blades    | 4 |  4.8
Fighting       | 3 |  3.0
Throwing       | |  2.9
Dodging        | |  4.7
Spellcasting   | |  0.3
Transmutations | |  0.8
Poison Magic   | |  0.5

Action                   |  1- 3 |  4- 6 || total
-------------------------+-------+-------++-------
Melee: Long sword        |   103 |   119 ||   222
       Punch             |       |     2 ||     2
 Cast: Sting             |       |     1 ||     1
 Stab: Sleeping          |     2 |       ||     2
Armor: Leather armour    |    24 |    40 ||    64
Dodge: Dodged            |    79 |    81 ||   160

Table legend: (Time is in decaauts)
 A = Elapsed time spent in this place.
 B = Non-inter-level travel time spent in this place.
 C = Inter-level travel time spent in this place.
 D = Time resting spent in this place.
 E = Time spent auto-exploring this place.
 F = Levels seen in this place.
 G = Mean time per level.
                   A        B        C        D        E       F      G
               +--------+--------+--------+--------+--------+-----+--------+
         Total |   2118 |   2113 |      5 |      0 |   1468 |   3 |  706.0 |
       Dungeon |   2118 |   2113 |      5 |      0 |   1468 |   3 |  706.0 |
               +--------+--------+--------+--------+--------+-----+--------+

Top non-repeatable levels by time:
     D:1: 954 daAuts
     D:3: 631 daAuts
     D:2: 532 daAuts
